 Dungeon Crawl Stone Soup version 0.21.1-1-g345015fe64 (webtiles) character file.

86 nurumaik the Skirmisher (level 4, -3/41 HPs)
             Began as a Minotaur Fighter on Mar 29, 2018.
             Was an Initiate of Okawaru.
             Slain by Grinder (9 damage)
             ... on level 3 of the Dungeon.
             The game lasted 00:04:23 (1626 turns).

nurumaik the Skirmisher (Minotaur Fighter)          Turns: 1626, Time: 00:04:23

Health: -3/41      AC:  7    Str: 18 (21) XL:     4   Next: 26%
Magic:  3/3        EV:  8    Int:  3 (5)  God:    Okawaru [......]
Gold:   80         SH:  9    Dex: 11 (12) Spells: 3/3 levels left

rFire    + . .     SeeInvis .   a - +0 war axe
rCold    . . .     Gourm    .   c - +0 shield
rNeg     . . .     Faith    .   i - +2 ring mail {rF+}
rPois    .         Spirit   .   (helmet restricted)
rElec    .         Reflect  .   (no cloak)
rCorr    .         Harm     .   (no gloves)
MR       .....     Rnd*Rage +   (no boots)
Stlth    +.........             (no amulet)
HPRegen  0.13/turn              (no ring)
MPRegen  0.08/turn              (no ring)

@: hasted, very quick
A: retaliatory headbutt, claws 1, horns 2, agile 1, berserk 1
a: Renounce Religion


You were on level 3 of the Dungeon.
You worshipped Okawaru.
Okawaru was noncommittal.
You were not hungry.

You visited 1 branch of the dungeon, and saw 3 of its levels.

You collected 80 gold pieces.

Inventory:

Hand Weapons
 a - a +0 war axe (weapon)
Armour
 b - a +0 scale mail
 c - a +0 shield (worn)
 i - a +2 ring mail of fire resistance (worn)
Scrolls
 d - a scroll of blinking {unknown}
 g - a scroll of amnesia {unknown}
 h - a scroll of teleportation {unknown}
 j - 3 scrolls of identify
Potions
 e - 2 potions of haste
 k - a potion of mutation
 l - a potion of degeneration
Comestibles
 f - a ration


   Skills:
 + Level 4.6 Fighting
 * Level 4.4 Axes
 - Level 3.8 Armour
 - Level 3.8 Shields


You had 3 spell levels left.
You didn't know any spells.

Dungeon Overview and Level Annotations

Branches:
Dungeon (3/15)

Altars:
Fedhas
Gozag
Okawaru
Ru
Wu Jian

Annotations:
D:3 Grinder


Innate Abilities, Weirdness & Mutations

You reflexively headbutt those who attack you in melee.
You have a pair of horns on your head.
You have sharp fingernails.
You are agile. (Dex +2)
You tend to lose your temper in combat.


Message History

You block the rat's attack. The quokka barely misses you.
You hit the quokka but do no damage. Your headbutt misses the quokka.
You hit the rat.
You kill the rat!
Okawaru accepts your kill. The quokka bites you.
You hit Grinder.
Grinder is moderately wounded.
You hit the quokka but do no damage. Grinder hits you!
* * * LOW HITPOINT WARNING * * *
The quokka barely misses you. You furiously retaliate!
You headbutt the quokka!
You kill the quokka!
Okawaru accepts your kill.
You slash Grinder!
Grinder is heavily wounded.
Grinder completely misses you.
You hit Grinder but do no damage.
Grinder is heavily wounded.
Grinder hits you!
You die...

### .... ..S# .
#5.# .# #..##....
.........
#.#####..##....
#...)@5.....#
#........<.####
#.########...[...
######.


You could see Grinder.

Vanquished Creatures
  Terence (D:2)
  An adder (D:3)
  An ooze (D:2)
  A worm (D:2)
  A dart slug (D:1)
  2 leopard geckos (D:2)
  4 bats
  A giant cockroach (D:1)
  7 goblins
  7 hobgoblins
  2 quokkas
  A frilled lizard (D:1)
  4 kobolds
  7 rats
40 creatures vanquished.

Notes
Turn   | Place    | Note
-------+----------+-------------------------------------------
     0 | D:1      | nurumaik the Minotaur Fighter began the quest for the Orb.
     0 | D:1      | Reached XP level 1. HP: 19/19 MP: 0/0
   133 | D:1      | Reached XP level 2. HP: 27/27 MP: 1/1
   547 | D:2      | Reached XP level 3. HP: 29/33 MP: 2/2
   833 | D:2      | Noticed Terence
   841 | D:2      | Killed Terence
   887 | D:2      | Found a blossoming altar of Fedhas.
   919 | D:2      | Found an iron altar of Okawaru.
   929 | D:2      | Became a worshipper of Warmaster Okawaru
  1009 | D:2      | Reached XP level 4. HP: 41/41 MP: 3/3
  1036 | D:2      | Found an ornate altar of the Wu Jian Council.
  1138 | D:2      | Found an opulent altar of Gozag.
  1446 | D:2      | Found a sacrificial altar of Ru.
  1596 | D:3      | Noticed Grinder
  1611 | D:3      | Gained mutation: You tend to lose your temper in combat. [potion of mutation]
  1611 | D:3      | Gained mutation: You are agile. (Dex +2) [potion of mutation]
  1611 | D:3      | Gained mutation: You have sharp fingernails. [potion of mutation]
  1626 | D:3      | Slain by Grinder

Skill      XL: |  1  2  3 |
---------------+----------+-----
Fighting       | 4 |  4.6
Axes           | 3 4 |  4.4
Armour         | |  3.8
Shields        | |  3.8

Action                   |  1- 3 |  4- 6 || total
-------------------------+-------+-------++-------
Melee: War axe           |    75 |    27 ||   102
       Headbutt          |     7 |     2 ||     9
  Use: Potion            |     1 |     4 ||     5
       Scroll            |       |     1 ||     1
  Eat: Chunk             |       |     2 ||     2
Armor: Scale mail        |    32 |       ||    32
       Ring mail         |    14 |    15 ||    29
Dodge: Dodged            |    24 |     8 ||    32
Block: Shield            |    54 |    16 ||    70
